 Dungeon Crawl Stone Soup version 0.30.1-9-gdf580d7c3d (webtiles) character file.

Game seed: 6396308531877508557

200 KittyFluff the Cudgeller (level 5, -1/33 HPs)
             Began as a Gargoyle Berserker on Oct 9, 2023.
             Was a Believer of Trog.
             Splashed by a jelly's acid (6 damage)
             ... on level 4 of the Dungeon.
             The game lasted 00:10:16 (2603 turns).

KittyFluff the Cudgeller (Gargoyle Berserker)       Turns: 2603, Time: 00:10:17

Health: -1/33      AC:  0    Str: 23    XL:     5   Next: 79%
Magic:  0/5        EV: 11    Int:  7    God:    Trog [**....]
Gold:   132        SH:  0    Dex:  9    Spells: 4/4 levels left

rFire   . . .        a - +0 mace
rCold   . . .        (no shield)
rNeg    + . .        o - +0 leather armour
rPois   ∞            (no helmet)
rElec   +            i - +0 cloak
rCorr   .            (no gloves)
SInv    .            (no boots)
Will    .....        r - amulet of guardian spirit
Stlth   +            (no ring)
HPRegen 0.25/turn    (no ring)
MPRegen 0.09/turn

%: guardian spirit
@: corroded
A: sickness immunity, AC +4, negative energy resistance 1, electricity
resistance, torment resistance 1, petrification resistance
a: Renounce Religion, Berserk, Trog's Hand


You were on level 4 of the Dungeon.
You worshipped Trog.
Trog was pleased with you.
You visited 1 branch of the dungeon, and saw 4 of its levels.

You collected 132 gold pieces.

Inventory:

Hand Weapons
 a - a +0 mace (weapon)
 c - a +0 sling
 h - a +3 quarterstaff of chaos
 n - a +0 morningstar
Missiles
 p - 3 boomerangs (quivered)
Armour
 i - a +0 cloak (worn)
 o - a +0 leather armour (worn)
Jewellery
 r - an amulet of guardian spirit (around neck)
Scrolls
 b - a scroll of fog {unknown}
 f - 2 scrolls of teleportation {unknown}
 g - a scroll of immolation {unknown}
 k - a scroll of blinking {unknown}
 l - a scroll of identify {unknown}
 q - a scroll of fear {unknown}
 s - 2 scrolls of vulnerability {unknown}
 t - a scroll of enchant weapon {unknown}
Potions
 d - 2 potions of degeneration {unknown}
 e - a potion of heal wounds {unknown}
 j - 2 potions of lignification {unknown}
 m - 2 potions of magic {unknown}


   Skills:
 + Level 4.0 Fighting
 * Level 4.4 Maces & Flails
 * Level 4.0 Armour
 + Level 2.3 Dodging


You had 4 spell levels left.
You didn't know any spells.
Your spell library was empty.

Dungeon Overview and Level Annotations

Branches:
Dungeon (4/15)
 Temple: D:4-7

Altars:
Fedhas
Makhleb

Annotations:
D:1 2 transporters


Innate Abilities, Weirdness & Mutations

You are immune to sickness and miasma.
Your stone body is resilient. (AC +4)
You are immune to poison.
You resist negative energy. (rN+)
You are resistant to electric shocks. (rElec)
You are resistant to unholy torment.
You are immune to petrification.


Message History

An adder comes into view.
The adder hisses angrily.
The adder barely misses you.
You miss the adder. The adder bites you but does no damage.
You closely miss the adder. The adder bites you but does no damage.
You sock the adder!
The adder is almost dead.
The adder closely misses you. The adder bites you but does no damage.
You sock the adder!
You kill the adder!
Trog accepts your kill.
Found a scroll labelled ZIXIKH GUINY.
Found 9 gold pieces.
You now have 123 gold pieces (gained 13).
s - 2 scrolls labelled MAPLOREAL (gained 1)
You hear the slow hiss of a very distant avalanche of sand.
You now have 132 gold pieces (gained 9).
Found a stone staircase leading down.
t - a scroll labelled ZIXIKH GUINY
Found a club.
A jelly comes into view.
Found 6 stones.
The jelly quivers.
You hear the slow hiss of a very distant avalanche of sand.
A goblin comes into view. It is wielding a +0 club.
The goblin shouts!
The jelly hits you but does no damage.
You completely miss the jelly. The jelly hits you but does no damage.
You completely miss the jelly. The jelly closely misses you.
You hit the jelly.
Your hands burn!
The jelly is lightly wounded.
The jelly hits you. The acid corrodes you!
You are splashed with acid!
You hit the jelly.
Your hands burn!
The jelly is lightly wounded.
The jelly hits you. The acid corrodes you!
You are splashed with acid!
* * * LOW HITPOINT WARNING * * *
The jelly hits you.
* * * LOW HITPOINT WARNING * * *
You are splashed with acid!
You die...

...#.............#
...#.#######.#####
...#.# #...#....
...#.###.#.#.#.#####
...#.....#.#.#... .#
...#######.#.#..##.###
...........#.#..#....###
######....##.#..#.......
#...............@Jg.....
..####....##.#..#....###
.###########.#..#....#
.........# #.#..#....#
.......#.# #.#.........
.......#.###.#..(.......
.....).#.....##.........
.............##.........
#.####....#......


You could see a jelly and a goblin.

Vanquished Creatures
  Crazy Yiuf (D:2)
  2 orc wizards
  5 adders
  A worm (D:2)
  3 dart slugs
  7 orcs
  6 endoplasms
  4 giant cockroaches
  6 goblins
  2 hobgoblins
  4 jackals (D:3)
  4 kobolds
  2 quokkas (D:2)
  5 ball pythons
  2 bats
  A frilled lizard (D:2)
  7 rats
62 creatures vanquished.

Notes
Turn   | Place    | Note
-------+----------+-------------------------------------------
     0 | D:1      | KittyFluff the Gargoyle Berserker began the quest for the
                  | Orb.
     0 | D:1      | Reached XP level 1. HP: 14/14 MP: 1/1
    18 | D:1      | Found a faded altar of an unknown god.
   296 | D:1      | Reached XP level 2. HP: 19/19 MP: 2/2
   577 | D:2      | Reached XP level 3. HP: 20/23 MP: 3/3
   777 | D:2      | Reached ** piety under Trog
   938 | D:2      | Found a runed translucent door.
   939 | D:2      | Noticed Crazy Yiuf
   947 | D:2      | Killed Crazy Yiuf
   948 | D:2      | Reached XP level 4. HP: 21/29 MP: 0/4
  1505 | D:3      | Found a burning altar of Makhleb.
  1695 | D:3      | Reached XP level 5. HP: 30/33 MP: 5/5
  2244 | D:3      | Found a blossoming altar of Fedhas.
  2603 | D:4      | Splashed by a jelly's acid

Illustrated notes

Levels and vault maps discovered:
D:1:      spicycebolla_arrival_transporter_tutorial, layout_rooms,
          hellmonk_ecumenical_altar_heavens_door
D:2:      layout_basic, kennysheep_nondescript, uniq_crazy_yiuf_cottage
D:3:      layout_basic, mainiacjoe_overflow_catch_the_wave
D:4:      layout_basic, minmay_temple_entry_junction,
          nicolae_ossuary_entry_false_entrances

Skill      XL: |  1  2  3  4  5 |
---------------+----------------+-----
Armour         | 3 4 |  4.0
Dodging        | 2 |  2.3
Maces & Flails | 4 |  4.4
Fighting       | 4 |  4.0

Action                     |  1- 3 |  4- 6 || total
---------------------------+-------+-------++-------
  Melee: Mace              |    71 |   169 ||   240
 Invoke: Berserk           |     1 |       ||     1
 Armour: Animal skin       |    22 |    46 ||    68
         Leather armour    |       |    33 ||    33
  Dodge: Dodged            |    32 |    87 ||   119
